Predators vs Senators

Created - January 21 2008 at 21:48

Goals
1 2 3 T
Predators 1 1 1 3
Senators 0 0 1 1
Shots
1 2 3 T
Predators 5 8 5 18
Senators 13 4 9 26

Period #1

1. Predators , Shea Weber 11 (Paul Kariya, David Legwand) at 4:13 (PP)

Penalties :
Jay Bouwmeester (OTT) for Hooking (Minor) at 2:55, Jordan Staal (OTT) for High sticking (Minor) at 4:43, Scott Hartnell (NSH) for Delaying the game (Minor) at 9:15, Anton Volchenkov (OTT) for Roughing (Minor) at 12:34, Scottie Upshall (NSH) for Charging (Minor) at 12:34

Period #2

2. Predators , Martin Erat 9 (Paul Kariya, Marek Zidlicky) at 5:23 (PP)

Penalties :
Anton Volchenkov (OTT) for Goalie Interference (Minor) at 4:57, Brenden Morrow (OTT) for Holding (Minor) at 7:10, Matt Carle (OTT) for Roughing (Minor) at 9:42, Anton Volchenkov (OTT) for Roughing (Double Minor) at 13:04, Scottie Upshall (NSH) for Checking from behind (Major / Game Misconduct) at 19:19

Period #3

3. Senators , Brenden Morrow 7 (Maxim Afinogenov, Marc-Andre Bergeron) at 1:25 (PP)
4. Predators , Marek Zidlicky 3 (Paul Kariya, Scott Hartnell) at 7:31 (PP)

Penalties :
Martin Erat (NSH) for Interference (Minor) at 3:04, Christoph Schubert (OTT) for Goalie Interference (Minor) at 6:17, Jay Bouwmeester (OTT) for Holding Stick (Minor) at 12:25, R.J. Umberger (OTT) for Roughing (Minor) at 15:23, Anton Volchenkov (OTT) for Tripping (Minor) at 19:29

Goalie Stats

Chris Mason (NSH), 25 saves from 26 shots - (0.962), W, 4-6-1, 60:00 minutes
Kari Lehtonen (OTT), 15 saves from 18 shots - (0.833), L, 22-11-0, 60:00 minutes

Players Stats

Predators
Player Name              G  A  P  +/- PIM S  H  SB FO MP 
-----------------------------------------------------------
Brad Boyes               0  0  0   0  0   0  0  0  2  18 
David Legwand            0  1  1   0  0   5  0  0  28 25 
Derek Morris             0  0  0   0  0   1  1  1  0  22 
Jeff Carter              0  0  0   0  0   0  2  0  21 19 
Jordin Tootoo            0  0  0   0  0   0  0  0  1  7  
Josef Vasicek            0  0  0   0  0   0  1  0  3  7  
Marek Zidlicky           1  1  2   0  0   1  0  0  0  23 
Martin Erat              1  0  1   0  2   2  2  0  2  20 
Paul Kariya              0  3  3   0  0   1  1  0  0  19 
Ryan Suter               0  0  0   0  0   1  0  1  0  23 
Scott Hartnell           0  1  1   0  2   1  0  0  2  19 
Scottie Upshall          0  0  0   0  17  0  0  0  2  11 
Shea Weber               1  0  1   0  0   3  2  0  0  21 
Steve Sullivan           0  0  0   0  0   0  1  0  0  19 
Tomas Kaberle            0  0  0   0  0   2  1  2  0  20 
Vernon Fiddler           0  0  0   0  0   0  0  0  7  5  
Yanic Perreault          0  0  0   0  0   0  0  0  10 15 
Zbynek Michalek          0  0  0   0  0   1  1  1  0  18 
Senators
Player Name              G  A  P  +/- PIM S  H  SB FO MP 
-----------------------------------------------------------
Andy Mcdonald            0  0  0   0  0   2  0  0  15 16 
Anton Volchenkov         0  0  0   0  10  0  1  1  0  18 
Brenden Morrow           1  0  1   0  2   2  2  0  1  16 
Chris Kunitz             0  0  0   0  0   1  0  0  0  12 
Christoph Schubert       0  0  0   0  2   0  0  1  0  18 
Ilya Kovalchuk           0  0  0   0  0   2  1  0  1  15 
Jason Pominville         0  0  0   0  0   5  3  2  3  23 
Jason Spezza             0  0  0   0  0   4  0  0  22 18 
Jay Bouwmeester          0  0  0   0  4   0  0  0  0  23 
Jordan Staal             0  0  0   0  2   2  0  0  21 19 
Marc-Andre Bergeron      0  1  1   0  0   0  0  0  0  20 
Matt Carle               0  0  0   0  2   2  0  0  0  22 
Maxim Afinogenov         0  1  1   0  0   1  1  0  3  14 
Mike Cammalleri          0  0  0   0  0   3  0  0  2  11 
Petr Prucha              0  0  0   0  0   1  2  0  1  9  
R.J. Umberger            0  0  0   0  2   1  0  0  8  8  
Rostislav Olesz          0  0  0   0  0   0  0  0  1  16 
Tom Preissing            0  0  0   0  0   0  0  2  0  20 

3 Stars

1 - Chris Mason (NSH)
2 - Paul Kariya (NSH)
3 - Marek Zidlicky (NSH)

Power Play

Predators - 3 on 10 Attempt(s) - 30.00%
Senators - 1 on 3 Attempt(s) - 33.33%

Penalty Kill

Predators - 2 on 3 Attempt(s) - 66.67% - Score 0 goal in Penalty Kill
Senators - 7 on 10 Attempt(s) - 70.00% - Score 0 goal in Penalty Kill

Game Notes

Scottie Upshall ejected from game at 19:19 of 2nd period

Finance

Level 1 -- Attendance: 5382 (89.70%) -- Ticket Income $484,380.00
Level 2 -- Attendance: 4465 (89.30%) -- Ticket Income $209,855.00
Level 3 -- Attendance: 1754 (87.68%) -- Ticket Income $52,620.00
Level 4 -- Attendance: 3789 (94.73%) -- Ticket Income $75,780.00
Luxury Box -- Attendance: 874 (87.36%) -- Ticket Income $148,580.00
Game was played at the Corel Centre
Total Attendance: 16264 (87.91%)
Total Ticket Income: $1,014,790.00
Other Income: $159,761.10
Total Income: $1,174,551.00


Play by Play

Period #1

0:01 of 1st period - Andy Mcdonald wins face-off versus David Legwand in neutral zone.
0:13 of 1st period - Andy Mcdonald is hit by Derek Morris and loses puck.
0:20 of 1st period - Shot by Andy Mcdonald.
0:20 of 1st period - Stopped by Chris Mason without a rebound.
0:21 of 1st period - Jeff Carter wins face-off versus Jason Spezza in Predators zone.
0:52 of 1st period - Shot by Matt Carle.
0:52 of 1st period - Stopped by Chris Mason without a rebound.
0:53 of 1st period - Jordan Staal wins face-off versus David Legwand in Predators zone.
1:18 of 1st period - Shot by Jordan Staal.
1:18 of 1st period - Shot Misses the Net.
2:14 of 1st period - Shot by Martin Erat.
2:14 of 1st period - Shot Misses the Net.
2:55 of 1st period - Minor Penalty to Jay Bouwmeester for Hooking.
2:56 of 1st period - Brad Boyes wins face-off versus Jason Spezza in Senators zone.
3:31 of 1st period - Rostislav Olesz is hit by Jeff Carter and loses puck.
3:43 of 1st period - Icing by Shea Weber.
3:44 of 1st period - Jordan Staal wins face-off versus David Legwand in Predators zone.
3:56 of 1st period - Shot by David Legwand.
3:56 of 1st period - Stopped by Kari Lehtonen without a rebound.
3:57 of 1st period - Jason Spezza wins face-off versus David Legwand in Senators zone.
4:02 of 1st period - Marc-Andre Bergeron is hit by Paul Kariya and loses puck.
4:09 of 1st period - Shot by Paul Kariya.
4:09 of 1st period - Deflect By David Legwand.
4:09 of 1st period - Stopped by Kari Lehtonen without a rebound.
4:10 of 1st period - David Legwand wins face-off versus Jordan Staal in Senators zone.
4:13 of 1st period - Shot by Shea Weber.
4:13 of 1st period - Goal by Shea Weber - Predators : 1 - Senators : 0.
4:14 of 1st period - R.J. Umberger wins face-off versus Jordin Tootoo in neutral zone.
4:14 of 1st period - Jay Bouwmeester is hit by Josef Vasicek and loses puck.
4:36 of 1st period - Shot by David Legwand.
4:36 of 1st period - Stopped by Kari Lehtonen without a rebound.
4:37 of 1st period - Jordan Staal wins face-off versus Jeff Carter in Senators zone.
4:43 of 1st period - Minor Penalty to Jordan Staal for High sticking.
4:44 of 1st period - Ilya Kovalchuk wins face-off versus David Legwand in neutral zone.
6:21 of 1st period - Icing by Marek Zidlicky.
6:22 of 1st period - Martin Erat wins face-off versus Jason Spezza in Predators zone.
6:40 of 1st period - Anton Volchenkov is hit by Martin Erat and loses puck.
7:14 of 1st period - Icing by Jay Bouwmeester.
7:15 of 1st period - R.J. Umberger wins face-off versus Yanic Perreault in Senators zone.
8:17 of 1st period - Shot by Jason Pominville.
8:17 of 1st period - Stopped by Chris Mason without a rebound.
8:18 of 1st period - Jordan Staal wins face-off versus David Legwand in Predators zone.
8:23 of 1st period - Shot by Chris Kunitz.
8:23 of 1st period - Deflect By Jordan Staal.
8:23 of 1st period - Shot Misses the Net.
8:25 of 1st period - Shot by Jordan Staal.
8:25 of 1st period - Stopped by Chris Mason with a rebound.
8:27 of 1st period - Shot by Chris Kunitz.
8:27 of 1st period - Stopped by Chris Mason without a rebound.
8:28 of 1st period - Jeff Carter wins face-off versus Jordan Staal in Predators zone.
8:47 of 1st period - Scott Hartnell is hit by Maxim Afinogenov and loses puck.
8:59 of 1st period - Jordan Staal is hit by Shea Weber and loses puck.
9:07 of 1st period - Jordan Staal is hit by Shea Weber and loses puck.
9:15 of 1st period - Minor Penalty to Scott Hartnell for Delaying the game.
9:16 of 1st period - Vernon Fiddler wins face-off versus Jason Spezza in neutral zone.
9:43 of 1st period - Shot by Mike Cammalleri.
9:43 of 1st period - Stopped by Chris Mason without a rebound.
9:44 of 1st period - Jason Pominville wins face-off versus David Legwand in Predators zone.
9:59 of 1st period - Icing by Jason Pominville.
10:00 of 1st period - David Legwand wins face-off versus Andy Mcdonald in Senators zone.
10:22 of 1st period - Icing by Andy Mcdonald.
10:23 of 1st period - Vernon Fiddler wins face-off versus Andy Mcdonald in Senators zone.
10:38 of 1st period - Vernon Fiddler is hit by Brenden Morrow and loses puck.
11:13 of 1st period - Shot by Jason Spezza.
11:13 of 1st period - Stopped by Chris Mason with a rebound.
11:17 of 1st period - Shot by Mike Cammalleri.
11:17 of 1st period - Shot Misses the Net.
12:01 of 1st period - Icing by Anton Volchenkov.
12:02 of 1st period - David Legwand wins face-off versus Jordan Staal in Senators zone.
12:04 of 1st period - Paul Kariya is hit by Anton Volchenkov and loses puck.
12:20 of 1st period - Shot by Tomas Kaberle.
12:20 of 1st period - Stopped by Kari Lehtonen with a rebound.
12:22 of 1st period - Shot by David Legwand.
12:22 of 1st period - Shot Blocked by Anton Volchenkov.
12:31 of 1st period - Icing by Anton Volchenkov.
12:32 of 1st period - Yanic Perreault wins face-off versus Jordan Staal in Senators zone.
12:34 of 1st period - Minor Penalty to Anton Volchenkov for Roughing.
12:34 of 1st period - Minor Penalty to Scottie Upshall for Charging.
12:35 of 1st period - Mike Cammalleri wins face-off versus David Legwand in Senators zone.
12:49 of 1st period - Shot by David Legwand.
12:49 of 1st period - Deflect By Brad Boyes.
12:49 of 1st period - Shot Misses the Net.
13:16 of 1st period - Shot by Petr Prucha.
13:16 of 1st period - Stopped by Chris Mason without a rebound.
13:17 of 1st period - Yanic Perreault wins face-off versus Jordan Staal in Predators zone.
13:28 of 1st period - Shot by Yanic Perreault.
13:28 of 1st period - Shot Misses the Net.
14:05 of 1st period - Icing by Marc-Andre Bergeron.
14:06 of 1st period - Jordan Staal wins face-off versus David Legwand in Senators zone.
14:19 of 1st period - Off-side.
14:20 of 1st period - Yanic Perreault wins face-off versus Mike Cammalleri in neutral zone.
14:55 of 1st period - Shot by Andy Mcdonald.
14:55 of 1st period - Shot Misses the Net.
15:18 of 1st period - Icing by Scott Hartnell.
15:19 of 1st period - Jeff Carter wins face-off versus Jason Spezza in Predators zone.
15:45 of 1st period - Shot by Ilya Kovalchuk.
15:45 of 1st period - Stopped by Chris Mason without a rebound.
15:46 of 1st period - Jordan Staal wins face-off versus Yanic Perreault in Predators zone.
16:59 of 1st period - Shot by Ilya Kovalchuk.
16:59 of 1st period - Shot Misses the Net.
17:12 of 1st period - Icing by Tomas Kaberle.
17:13 of 1st period - Andy Mcdonald wins face-off versus David Legwand in Predators zone.
17:16 of 1st period - Shot by Jason Pominville.
17:16 of 1st period - Shot Misses the Net.
17:18 of 1st period - Shot by Jason Pominville.
17:18 of 1st period - Shot Misses the Net.
17:20 of 1st period - Shot by Brenden Morrow.
17:20 of 1st period - Shot Misses the Net.
17:22 of 1st period - Shot by Brenden Morrow.
17:22 of 1st period - Shot Misses the Net.
17:24 of 1st period - Shot by Jason Pominville.
17:24 of 1st period - Shot Blocked by Derek Morris.
17:26 of 1st period - Shot by Andy Mcdonald.
17:26 of 1st period - Stopped by Chris Mason without a rebound.
17:27 of 1st period - Jeff Carter wins face-off versus R.J. Umberger in Predators zone.
19:13 of 1st period - Shot by Maxim Afinogenov.
19:13 of 1st period - Deflect By Jordan Staal.
19:13 of 1st period - Shot Misses the Net.
19:15 of 1st period - Shot by Anton Volchenkov.
19:15 of 1st period - Shot Misses the Net.
19:17 of 1st period - Shot by Jordan Staal.
19:17 of 1st period - Stopped by Chris Mason without a rebound.
19:18 of 1st period - Andy Mcdonald wins face-off versus David Legwand in Predators zone.
19:23 of 1st period - Shot by Brenden Morrow.
19:23 of 1st period - Shot Misses the Net.
19:27 of 1st period - Shot by Andy Mcdonald.
19:27 of 1st period - Shot Hit the Post.
19:39 of 1st period - Shot by Andy Mcdonald.
19:39 of 1st period - Shot Misses the Net.
19:41 of 1st period - Shot by Jason Pominville.
19:41 of 1st period - Stopped by Chris Mason with a rebound.
19:43 of 1st period - Shot by Matt Carle.
19:43 of 1st period - Shot Misses the Net.
19:45 of 1st period - Shot by Jason Pominville.
19:45 of 1st period - Stopped by Chris Mason with a rebound.

Period #2

0:01 of 2nd period - Brenden Morrow wins face-off versus David Legwand in neutral zone.
1:12 of 2nd period - Brad Boyes is hit by Ilya Kovalchuk and loses puck.
1:36 of 2nd period - Shot by Ilya Kovalchuk.
1:36 of 2nd period - Stopped by Chris Mason without a rebound.
1:37 of 2nd period - Jeff Carter wins face-off versus Jordan Staal in Predators zone.
3:20 of 2nd period - Shea Weber is hit by Brenden Morrow and loses puck.
3:29 of 2nd period - Shot by Scott Hartnell.
3:29 of 2nd period - Deflect By Jeff Carter.
3:29 of 2nd period - Shot Blocked by Tom Preissing.
3:33 of 2nd period - Shot by Scott Hartnell.
3:33 of 2nd period - Shot Misses the Net.
3:37 of 2nd period - Shot by Steve Sullivan.
3:37 of 2nd period - Shot Blocked by Jason Pominville.
3:41 of 2nd period - Shot by Jeff Carter.
3:41 of 2nd period - Shot Misses the Net.
4:34 of 2nd period - Shot by Mike Cammalleri.
4:34 of 2nd period - Shot Blocked by Tomas Kaberle.
4:36 of 2nd period - Shot by Ilya Kovalchuk.
4:36 of 2nd period - Shot Misses the Net.
4:38 of 2nd period - Shot by Mike Cammalleri.
4:38 of 2nd period - Stopped by Chris Mason without a rebound.
4:39 of 2nd period - Maxim Afinogenov wins face-off versus Yanic Perreault in Predators zone.
4:57 of 2nd period - Minor Penalty to Anton Volchenkov for Goalie Interference.
4:58 of 2nd period - Jason Pominville wins face-off versus Martin Erat in Senators zone.
5:23 of 2nd period - Shot by Martin Erat.
5:23 of 2nd period - Goal by Martin Erat - Predators : 2 - Senators : 0.
5:24 of 2nd period - Jeff Carter wins face-off versus R.J. Umberger in neutral zone.
5:53 of 2nd period - Shot by Petr Prucha.
5:53 of 2nd period - Deflect By R.J. Umberger.
5:53 of 2nd period - Stopped by Chris Mason with a rebound.
6:54 of 2nd period - Icing by Marek Zidlicky.
6:55 of 2nd period - Yanic Perreault wins face-off versus Andy Mcdonald in Predators zone.
6:55 of 2nd period - Yanic Perreault is hit by Jason Pominville.
7:10 of 2nd period - Minor Penalty to Brenden Morrow for Holding.
7:11 of 2nd period - Jeff Carter wins face-off versus Jason Spezza in Predators zone.
7:34 of 2nd period - Shot by Tomas Kaberle.
7:34 of 2nd period - Shot Misses the Net.
8:12 of 2nd period - Icing by Derek Morris.
8:13 of 2nd period - Jason Spezza wins face-off versus David Legwand in Predators zone.
9:42 of 2nd period - Minor Penalty to Matt Carle for Roughing.
9:43 of 2nd period - Jeff Carter wins face-off versus Jason Spezza in Senators zone.
10:31 of 2nd period - Off-side.
10:32 of 2nd period - David Legwand wins face-off versus Jordan Staal in neutral zone.
10:54 of 2nd period - Shot by Shea Weber.
10:54 of 2nd period - Stopped by Kari Lehtonen without a rebound.
10:55 of 2nd period - David Legwand wins face-off versus Jason Spezza in Senators zone.
11:17 of 2nd period - Icing by Shea Weber.
11:18 of 2nd period - David Legwand wins face-off versus Jordan Staal in Predators zone.
11:18 of 2nd period - David Legwand is hit by Jason Pominville.
11:26 of 2nd period - Shot by David Legwand.
11:26 of 2nd period - Shot Blocked by Jason Pominville.
12:01 of 2nd period - Jason Spezza is hit by Zbynek Michalek and loses puck.
12:12 of 2nd period - Shot by Ilya Kovalchuk.
12:12 of 2nd period - Shot Misses the Net.
12:22 of 2nd period - Marek Zidlicky is hit by Jason Pominville and loses puck.
13:04 of 2nd period - Double Minor Penalty to Anton Volchenkov for Roughing.
13:05 of 2nd period - Jeff Carter wins face-off versus Jordan Staal in Senators zone.
13:16 of 2nd period - Shot by Ryan Suter.
13:16 of 2nd period - Stopped by Kari Lehtonen without a rebound.
13:17 of 2nd period - Jeff Carter wins face-off versus Jordan Staal in Senators zone.
13:36 of 2nd period - Icing by Ryan Suter.
13:37 of 2nd period - Jason Spezza wins face-off versus Brad Boyes in Predators zone.
14:32 of 2nd period - Shot by Scott Hartnell.
14:32 of 2nd period - Stopped by Kari Lehtonen without a rebound.
14:33 of 2nd period - David Legwand wins face-off versus Jordan Staal in Senators zone.
14:46 of 2nd period - Shot by Shea Weber.
14:46 of 2nd period - Stopped by Kari Lehtonen without a rebound.
14:47 of 2nd period - Jeff Carter wins face-off versus Jason Spezza in Senators zone.
15:25 of 2nd period - Off-side.
15:26 of 2nd period - Jason Spezza wins face-off versus Scott Hartnell in neutral zone.
16:07 of 2nd period - Shot by Steve Sullivan.
16:07 of 2nd period - Shot Misses the Net.
16:09 of 2nd period - Shot by Derek Morris.
16:09 of 2nd period - Shot Misses the Net.
17:07 of 2nd period - Shot by Paul Kariya.
17:07 of 2nd period - Stopped by Kari Lehtonen with a rebound.
17:09 of 2nd period - Shot by Derek Morris.
17:09 of 2nd period - Stopped by Kari Lehtonen without a rebound.
17:10 of 2nd period - Scottie Upshall wins face-off versus Andy Mcdonald in Senators zone.
18:04 of 2nd period - Shot by Matt Carle.
18:04 of 2nd period - Stopped by Chris Mason without a rebound.
18:05 of 2nd period - Jason Spezza wins face-off versus David Legwand in Predators zone.
18:08 of 2nd period - Shot by Ilya Kovalchuk.
18:08 of 2nd period - Shot Misses the Net.
18:25 of 2nd period - Off-side.
18:26 of 2nd period - Scott Hartnell wins face-off versus R.J. Umberger in neutral zone.
18:58 of 2nd period - Off-side.
18:59 of 2nd period - David Legwand wins face-off versus Maxim Afinogenov in neutral zone.
19:17 of 2nd period - Shot by Paul Kariya.
19:17 of 2nd period - Deflect By David Legwand.
19:17 of 2nd period - Stopped by Kari Lehtonen without a rebound.
19:18 of 2nd period - Andy Mcdonald wins face-off versus Scottie Upshall in Senators zone.
19:18 of 2nd period - Andy Mcdonald is hit by Martin Erat.
19:19 of 2nd period - Major / Game Misconduct Penalty to Scottie Upshall for Checking from behind.
19:19 of 2nd period - Scottie Upshall is ejected from game.
19:20 of 2nd period - Andy Mcdonald wins face-off versus Vernon Fiddler in Senators zone.

Period #3

0:01 of 3rd period - Vernon Fiddler wins face-off versus Jason Spezza in neutral zone.
0:12 of 3rd period - Shot by Jason Spezza.
0:12 of 3rd period - Stopped by Chris Mason without a rebound.
0:13 of 3rd period - Andy Mcdonald wins face-off versus Vernon Fiddler in Predators zone.
0:23 of 3rd period - Shot by Brenden Morrow.
0:23 of 3rd period - Shot Misses the Net.
0:27 of 3rd period - Shot by Maxim Afinogenov.
0:27 of 3rd period - Shot Blocked by Zbynek Michalek.
0:29 of 3rd period - Shot by Jason Pominville.
0:29 of 3rd period - Stopped by Chris Mason without a rebound.
0:30 of 3rd period - Jason Spezza wins face-off versus David Legwand in Predators zone.
0:59 of 3rd period - Shot by Jason Spezza.
0:59 of 3rd period - Stopped by Chris Mason with a rebound.
1:01 of 3rd period - Shot by Jason Spezza.
1:01 of 3rd period - Shot Misses the Net.
1:03 of 3rd period - Shot by Matt Carle.
1:03 of 3rd period - Shot Misses the Net.
1:05 of 3rd period - Shot by Mike Cammalleri.
1:05 of 3rd period - Shot Misses the Net.
1:09 of 3rd period - Shot by Mike Cammalleri.
1:09 of 3rd period - Stopped by Chris Mason without a rebound.
1:10 of 3rd period - Vernon Fiddler wins face-off versus Andy Mcdonald in Predators zone.
1:23 of 3rd period - Shot by Maxim Afinogenov.
1:23 of 3rd period - Shot Blocked by Ryan Suter.
1:25 of 3rd period - Shot by Brenden Morrow.
1:25 of 3rd period - Goal by Brenden Morrow - Predators : 2 - Senators : 1.
1:26 of 3rd period - Andy Mcdonald wins face-off versus Vernon Fiddler in neutral zone.
1:31 of 3rd period - Shot by Maxim Afinogenov.
1:31 of 3rd period - Shot Misses the Net.
2:38 of 3rd period - Shot by Matt Carle.
2:38 of 3rd period - Shot Misses the Net.
3:04 of 3rd period - Minor Penalty to Martin Erat for Interference.
3:05 of 3rd period - David Legwand wins face-off versus Jason Spezza in neutral zone.
3:23 of 3rd period - Shot by Jason Spezza.
3:23 of 3rd period - Stopped by Chris Mason without a rebound.
3:24 of 3rd period - Josef Vasicek wins face-off versus Andy Mcdonald in Predators zone.
4:02 of 3rd period - Off-side.
4:03 of 3rd period - Jason Spezza wins face-off versus Josef Vasicek in neutral zone.
5:21 of 3rd period - Icing by Shea Weber.
5:22 of 3rd period - Jeff Carter wins face-off versus R.J. Umberger in Predators zone.
5:22 of 3rd period - Jeff Carter is hit by Petr Prucha.
5:30 of 3rd period - Petr Prucha is hit by Jeff Carter and loses puck.
6:17 of 3rd period - Minor Penalty to Christoph Schubert for Goalie Interference.
6:18 of 3rd period - Jordan Staal wins face-off versus Jeff Carter in Senators zone.
6:27 of 3rd period - Shot by Tomas Kaberle.
6:27 of 3rd period - Stopped by Kari Lehtonen without a rebound.
6:28 of 3rd period - Jordan Staal wins face-off versus Jeff Carter in Senators zone.
6:28 of 3rd period - Jordan Staal is hit by Steve Sullivan.
6:57 of 3rd period - Shot by Steve Sullivan.
6:57 of 3rd period - Shot Misses the Net.
7:23 of 3rd period - Shot by Scott Hartnell.
7:23 of 3rd period - Shot Misses the Net.
7:31 of 3rd period - Shot by Marek Zidlicky.
7:31 of 3rd period - Goal by Marek Zidlicky - Predators : 3 - Senators : 1.
7:32 of 3rd period - Andy Mcdonald wins face-off versus Yanic Perreault in neutral zone.
7:42 of 3rd period - Shot by Andy Mcdonald.
7:42 of 3rd period - Deflect By Brenden Morrow.
7:42 of 3rd period - Stopped by Chris Mason without a rebound.
7:43 of 3rd period - Josef Vasicek wins face-off versus R.J. Umberger in Predators zone.
7:43 of 3rd period - Josef Vasicek is hit by Petr Prucha.
9:52 of 3rd period - Off-side.
9:53 of 3rd period - Jeff Carter wins face-off versus Jason Spezza in neutral zone.
11:05 of 3rd period - Shot by Jason Pominville.
11:05 of 3rd period - Stopped by Chris Mason without a rebound.
11:06 of 3rd period - Maxim Afinogenov wins face-off versus David Legwand in Predators zone.
11:23 of 3rd period - Shot by Maxim Afinogenov.
11:23 of 3rd period - Shot Misses the Net.
11:25 of 3rd period - Shot by Maxim Afinogenov.
11:25 of 3rd period - Stopped by Chris Mason without a rebound.
11:26 of 3rd period - Andy Mcdonald wins face-off versus Yanic Perreault in Predators zone.
11:43 of 3rd period - Shot by Martin Erat.
11:43 of 3rd period - Shot Misses the Net.
11:45 of 3rd period - Shot by Yanic Perreault.
11:45 of 3rd period - Shot Misses the Net.
11:49 of 3rd period - Shot by Yanic Perreault.
11:49 of 3rd period - Shot Misses the Net.
11:51 of 3rd period - Shot by Martin Erat.
11:51 of 3rd period - Stopped by Kari Lehtonen without a rebound.
11:52 of 3rd period - David Legwand wins face-off versus Jordan Staal in Senators zone.
12:03 of 3rd period - Shot by David Legwand.
12:03 of 3rd period - Stopped by Kari Lehtonen without a rebound.
12:04 of 3rd period - David Legwand wins face-off versus Petr Prucha in Senators zone.
12:25 of 3rd period - Minor Penalty to Jay Bouwmeester for Holding Stick.
12:26 of 3rd period - Jason Pominville wins face-off versus Jeff Carter in Senators zone.
12:47 of 3rd period - Shot by Tomas Kaberle.
12:47 of 3rd period - Shot Blocked by Christoph Schubert.
12:49 of 3rd period - Shot by Ryan Suter.
12:49 of 3rd period - Shot Misses the Net.
14:07 of 3rd period - Shot by Derek Morris.
14:07 of 3rd period - Shot Misses the Net.
15:23 of 3rd period - Minor Penalty to R.J. Umberger for Roughing.
15:24 of 3rd period - Jason Spezza wins face-off versus Jeff Carter in Predators zone.
15:30 of 3rd period - Icing by Tomas Kaberle.
15:31 of 3rd period - Rostislav Olesz wins face-off versus Jeff Carter in Predators zone.
16:27 of 3rd period - Off-side.
16:28 of 3rd period - Jason Spezza wins face-off versus David Legwand in neutral zone.
17:26 of 3rd period - Shot by Brad Boyes.
17:26 of 3rd period - Shot Misses the Net.
17:30 of 3rd period - Shot by Brad Boyes.
17:30 of 3rd period - Shot Blocked by Tom Preissing.
17:34 of 3rd period - Shot by Zbynek Michalek.
17:34 of 3rd period - Stopped by Kari Lehtonen without a rebound.
17:35 of 3rd period - R.J. Umberger wins face-off versus Yanic Perreault in Senators zone.
19:29 of 3rd period - Minor Penalty to Anton Volchenkov for Tripping.
19:30 of 3rd period - Jason Spezza wins face-off versus Jeff Carter in Senators zone.
19:36 of 3rd period - Icing by Tomas Kaberle.
19:37 of 3rd period - Jordan Staal wins face-off versus Jeff Carter in Predators zone.
19:41 of 3rd period - Ilya Kovalchuk is hit by Tomas Kaberle and loses puck.
19:46 of 3rd period - Shot by Jay Bouwmeester.
19:46 of 3rd period - Shot Blocked by Tomas Kaberle.


Output by the SimonT Hockey Simulator (STHS) for Stephane Roy -- Original Page W3C XHTML 1.0 Valid